[Event "Live Chess"]
[Site "Chess.com"]
[Date "2024.06.02"]
[Round "-"]
[White "beltmanjb"]
[Black "ivan_1968"]
[Result "1-0"]
[WhiteElo "1698"]
[BlackElo "1811"]
[TimeControl "300"]
[EndTime "7:36:18 PDT"]
[Termination "beltmanjb won by checkmate"]

1. d4 Nf6 2. c4 e6 3. g3 Bb4+ 4. Nd2 d5 5. Bg2 O-O 6. Nf3 dxc4 7. O-O b5 8. b3 c3 9. Nb1 Bb7 10. Qc2 Be4 11. Qd1 c5 12. Ng5 Bxg2 13. Kxg2 Qxd4 14.
Na3 a6 15. Nc2 Qd5+ 16. Kg1 Nc6 17. Be3 Rfd8 18. a3 Ba5 19. b4 Bb6 20. Qxd5 Rxd5 21. Rfd1 Nd4 22. bxc5 Bxc5 23. Bxd4 Rad8 24. Nf3 Bxd4 25.
Ncxd4 e5 26. e4 Rxd4 27. Nxd4 exd4 28. f3 d3 29. Rac1 Rd4 30. Rxc3 g6 31. Rcxd3 Ra4 32. g4 h6 33. e5 Nh7 34. Rd8+ Kg7 35. R1d3 Nf8 36. Kf2 Ne6 37. Ra8 Nf4 38. Rdd8 h5 39. h4 g5 40. Rg8+ Kh6 41. Rh8+ Kg6 42. Rag8# 1-0

[Event "Live Chess"]
[Site "Chess.com"]
[Date "2024.06.02"]
[Round "-"]
[White "elephantgerrald"]
[Black "GEMdzq"]
[Result "0-1"]
[WhiteElo "852"]
[BlackElo "2269"]
[TimeControl "300"]
[EndTime "7:36:18 PDT"]
[Termination "GEMdzq won by checkmate"]

1. e4 d6 2. d4 Nf6 3. Nc3 g6 4.
Bg5 h6 5. Bxf6 exf6 6. Qe2 Bg7 7.
Qc4 O-O 8. O-O-O Nc6 9. d5 Ne5 10. Qe2 f5 11. exf5 Bxf5 12. g3 Re8 13. Qb5 a6 14. Qxb7 Rb8 15. Qxa6 Ng4 16. Rd2 Re1+ 17.
Nd1 Bxb2+ 18. Kb1 Bc3+ 19. Kc1 Rxf1 20. Qxf1 Bxd2+ 21. Kxd2 Qf6 22. Ke1 Re8+ 23. Ne2 Bxc2 24. Kd2 Bxd1 25. Qxd1 Nxf2 26. Qa4 Qb2+ 27. Ke1 Qxe2# 0-1

[Event "Live Chess"]
[Site "Chess.com"]
[Date "2024.06.02"]
[Round "-"]
[White "KeithArkell"]
[Black "lyricalschemes"]
[Result "0-1"]
[WhiteElo "2400"]
[BlackElo "2248"]
[TimeControl "300"]
[EndTime "7:36:20 PDT"]
[Termination "lyricalschemes won by resignation"]

1. d4 Nf6 2. Nf3 e6 3. c4 Bb4+ 4. Bd2 Qe7 5. g3 O-O 6. Bg2 Bxd2+ 7. Qxd2 d5 8. cxd5 exd5 9. Nc3 b6 10. O-O Bb7 11. Rac1 Na6 12. a3 Rad8 13. b4 Ne4 14. Nxe4 dxe4 15. Ne5 Qxe5 16. dxe5 Rxd2 17. Rfd1 Rfd8 18.
Rxd2 Rxd2 19. g4 Kf8 20. h4 Ke7 21. e3 c5 22. Rc4 Bd5 23. Rc3 c4 24. Bf1 b5 0-1

[Event "Live Chess"]
[Site "Chess.com"]
[Date "2024.06.02"]
[Round "-"]
[White "Queensandpawns"]
[Black "Grace6363"]
[Result "1-0"]
[WhiteElo "2264"]
[BlackElo "1129"]
[TimeControl "300"]
[EndTime "7:36:33 PDT"]
[Termination "Queensandpawns won by resignation"]

1. e4 c5 2. d4 cxd4 3. c3 dxc3 4.
Bc4 Nc6 5. Qf3 Ne5 6. Qxc3 Nxc4 7. Qxc4 e6 8. Nf3 d5 9. exd5 Qxd5 10. Qe2 Bb4+ 11. Nc3 Nf6 12. O-O Bxc3 13. bxc3 Bd7 14. Bg5 O-O 15. Rad1 Qb5 16. c4 Qa4 17. Ne5 Be8 18.
Bxf6 gxf6 19. Ng4 f5 20. Nf6+ Kh8 21. Qe5 Qc2 22. Nxe8+ f6 23. Nxf6 Rxf6 24. Qxf6+ Kg8 25. Qxe6+ Kg7 26. Rd7+ 1-0

[Event "Live Chess"]
[Site "Chess.com"]
[Date "2024.06.02"]
[Round "-"]
[White "McCarthyStone"]
[Black "TigerTank70"]
[Result "1-0"]
[WhiteElo "2460"]
[BlackElo "2185"]
[TimeControl "300"]
[EndTime "7:36:43 PDT"]
[Termination "McCarthyStone won by resignation"]

1. e4 e5 2. Nf3 Nc6 3. Nc3 Bb4 4. Nd5 d6 5. Nxb4 Nxb4 6. c3 Nc6 7. d4 Bg4 8. d5 Nb8 9. Be2 Nf6 10. Be3 c6 11.
dxc6 bxc6 12. O-O O-O 13. Qd2 Nxe4 14. Qc2 Nf6 15. Rad1 e4 16. Nd4 Bxe2 17. Qxe2 d5 18. Nf5 Qc8 19. Ne7+ 1-0

[Event "Live Chess"]
[Site "Chess.com"]
[Date "2024.06.02"]
[Round "-"]
[White "NottheBishopSacrifice"]
[Black "dl_chess"]
[Result "1-0"]
[WhiteElo "2331"]
[BlackElo "1198"]
[TimeControl "300"]
[EndTime "7:36:45 PDT"]
[Termination "NottheBishopSacrifice won by resignation"]

1. d4 Nf6 2. c4 g6 3. Nf3 Bg7 4. e3 d6 5. Be2 O-O 6. O-O Nbd7 7. Nc3 e5 8. b3 Ne8 9. Bb2 f5 10. dxe5 Nxe5 11. Nxe5 Bxe5 12. Qc2 Nf6 13. Nd5 Nxd5 14. cxd5 Bxb2 15. Qxb2 Qf6 16. Qxf6 Rxf6 17. Rac1 Rf7 18. Rc3 Bd7 19. Rfc1 c6 20. dxc6 Bxc6 21. Bc4 d5 22. Bf1 Re8 23. g3 Rfe7 24. Bg2 Kg7 25. Bf3 h5 26. h4 Kf6 27. Kg2 a6 28. Rc5 Ke5 29.
Rd1 Rd7 30. Rd4 Red8 31. b4 Rd6 32. Be2 b6 33. Rc1 b5 34. Rc5 Bb7 35. Rc7 R8d7 36. Rc5 Rc6 37. Rxc6 Bxc6 38. Bf3 Rd6 39. Rd2 Rd7 40.
Rc2 Rd6 41. Rc5 Rd7 42. Rxc6 1-0

[Event "Live Chess"]
[Site "Chess.com"]
[Date "2024.06.02"]
[Round "-"]
[White "gobbles19"]
[Black "GoldsmanB"]
[Result "1-0"]
[WhiteElo "2208"]
[BlackElo "1110"]
[TimeControl "300"]
[EndTime "7:36:56 PDT"]
[Termination "gobbles19 won by checkmate"]

1. e4 e6 2. d4 d5 3. Nc3 Bb4 4. e5 c5 5. Bd2 Bxc3 6. Bxc3 Ne7 7. f4 Nf5 8. Nf3 Qb6 9. g4 Ne7 10. Be2 O-O 11. O-O Nbc6 12. Kh1 cxd4 13. Nxd4 Bd7 14.
Bd3 Nxd4 15. Bxd4 Qc6 16. f5 exf5 17. gxf5 Qc8 18. Qf3 Nc6 19. c3 Nxd4 20. cxd4 b6 21. Rac1 Qe8 22. Qg3 Rc8 23. f6 g6 24. Qh4 Rxc1 25.
Rxc1 Qe6 26. Qh6 Qh3 27. Qg7# 1-0

[Event "Live Chess"]
[Site "Chess.com"]
[Date "2024.06.02"]
[Round "-"]
[White "Frankie_Badacsonyi"]
[Black "NAZRIZ1977"]
[Result "0-1"]
[WhiteElo "2377"]
[BlackElo "2076"]
[TimeControl "300"]
[EndTime "7:36:57 PDT"]
[Termination "NAZRIZ1977 won by resignation"]

1. Nf3 c5 2. g3 g6 3. Bg2 Bg7 4. O-O Nf6 5. c4 O-O 6. Nc3 d5 7. cxd5 Nxd5 8. Nxd5 Qxd5 9. d3 Qh5 10. Qc2 Nc6 11. a3 Bg4 12. Be3 b6 13. Rab1 Rac8 14. Qa4 Rc7 15. b4 Nd4 16. Bxd4 cxd4 17. Rfc1 Rfc8 18.
Qd1 Bxf3 19. Bxf3 Qe5 20. Rxc7 Qxc7 21. Qa4 Qc2 22. Qxc2 Rxc2 23. Kf1 Ra2 24. Rb3 Kf8 25. h4 e6 26. b5 Ke7 27. Bc6 Kd6 28. f4 Bf8 29.
Kf2 e5 30. Kf3 Ke6 31. g4 Rxa3 32. Rxa3 Bxa3 33. fxe5 Kxe5 34. h5 Kd6 35. Ke4 Bb2 36. Be8 Ke7 37. Bc6 gxh5 38. gxh5 h6 39. Kf5 Kd6 40.
Kf6 a5 41. Be8 Kc5 42. Kg7 Bc1 0-1

[Event "Live Chess"]
[Site "Chess.com"]
[Date "2024.06.02"]
[Round "-"]
[White "blunderabit"]
[Black "Dashman93"]
[Result "0-1"]
[WhiteElo "1776"]
[BlackElo "2149"]
[TimeControl "300"]
[EndTime "7:37:10 PDT"]
[Termination "Dashman93 won by resignation"]

1. e4 e5 2. Nf3 Nc6 3. Bb5 Nf6 4. d3 Bc5 5. Bxc6 dxc6 6. Nbd2 Bg4 7. h3 Bh5 8. g4 Bg6 9. Nh4 Qd6 10. Nb3 Bb6 11. Nf5 Bxf5 12. gxf5 O-O-O 13. a4 Nxe4 14. O-O Ng3 15.
Re1 Nxf5 16. a5 Qg6+ 17. Kh2 Bxf2 0-1

[Event "Live Chess"]
[Site "Chess.com"]
[Date "2024.06.02"]
[Round "-"]
[White "gmnorfolk"]
[Black "ClassyChameleon"]
[Result "1-0"]
[WhiteElo "2143"]
[BlackElo "1535"]
[TimeControl "300"]
[EndTime "7:37:18 PDT"]
[Termination "gmnorfolk won by resignation"]

1. d4 d5 2. Nf3 Nf6 3. Bf4 Bf5 4. e3 Nc6 5. c4 dxc4 6. Bxc4 e6 7. Nc3 Bb4 8. O-O O-O 9. h3 a6 10. a3 Bxc3 11.
bxc3 Ne4 12. Rc1 b5 13. Bd3 Na5 14. Qc2 Qd5 15. Ne5 Nc4 16. f3 Ned6 17. e4 Qb7 18. exf5 exf5 19. Nxc4 bxc4 20. Bxf5 Rfe8 21. Bxd6 cxd6 22.
Rb1 Qc6 23. Rfe1 g6 24. d5 Qc5+ 25. Kh2 gxf5 26. Qxf5 Rxe1 27. Qg5+ Kf8 28. Rxe1 Re8 29. Qh6+ 1-0

[Event "Live Chess"]
[Site "Chess.com"]
[Date "2024.06.02"]
[Round "-"]
[White "yarek"]
[Black "stevochess11"]
[Result "1-0"]
[WhiteElo "1754"]
[BlackElo "1682"]
[TimeControl "300"]
[EndTime "7:37:32 PDT"]
[Termination "yarek won by checkmate"]

1. e4 c5 2. d4 e6 3. c3 b6 4. Nf3 Bb7 5. Bd3 Be7 6. O-O cxd4 7. cxd4 d6 8. Nc3 a6 9. Be3 Nd7 10. Rc1 Ngf6 11. h3 O-O 12. Re1 h6 13. Bb1 Qb8 14. Bf4 Rc8 15. Qd3 e5 16. dxe5 dxe5 17. Bh2 Rd8 18. Qe2 Nc5 19. Nxe5 Bd6 20. f4 Nfxe4 21. Nxe4 Nxe4 22. Bxe4 Bxe4 23. Qxe4 f6 24. Qd5+ Kh7 25. Nf7 Bc5+ 26. Rxc5 Rxd5 27. Rxd5 Qb7 28. Rd8 Rxd8 29. Nxd8 Qd7 30. Ne6 Qd2 31. Bg3 Qxb2 32. f5 Qxa2 33. Nf8+ Kg8 34. Ng6 Qa3 35. Re8+ Kf7 36. Rf8+ Qxf8 37.
Nxf8 Kxf8 38. Bc7 b5 39. Kf2 Ke7 40. Ke3 Kd7 41. Ba5 Kd6 42. Kd4 Kc6 43. g4 Kd6 44. h4 Kc6 45. Bb4 Kd7 46. Bf8 a5 47.
Bxg7 a4 48. Bxf6 b4 49. Kc4 a3 50. Kxb4 a2 51. Kc4 a1=B 52. Bxa1 Ke8 53. Kd5 Kf7 54. Ke5 Kg8 55. f6 Kh7 56. Ke6 h5 57. g5 Kg6 58. f7 Kh7 59. f8=Q Kg6 60. Qf6+ Kh7 61. Qg7# 1-0

[Event "Live Chess"]
[Site "Chess.com"]
[Date "2024.06.02"]
[Round "-"]
[White "Ksenia_2013"]
[Black "davigator"]
[Result "0-1"]
[WhiteElo "965"]
[BlackElo "2338"]
[TimeControl "300"]
[EndTime "7:37:46 PDT"]
[Termination "davigator won by checkmate"]

1. d4 Nf6 2. Nf3 e6 3. g3 b5 4. Bg2 Bb7 5. O-O c5 6. dxc5 Bxc5 7. Nc3 Qb6 8. Ne5 Bxg2 9. Kxg2 d6 10. Nf3 O-O 11. Kg1 a5 12. Be3 Bxe3 13. fxe3 b4 14. Ne4 Qxe3+ 15. Kh1 Qxe4 16. Qxd6 Nbd7 17. Qd1 Rfc8 18.
Kg1 Rxc2 19. Ng5 Qe3+ 20. Kh1 Rxb2 21. Rb1 Rd2 22. Qa4 Qxg5 23. Rbd1 Qd5+ 24. Kg1 Qc5+ 25.
Kh1 Rxe2 26. Rde1 Qd5+ 27. Kg1 Qg2# 0-1

[Event "Live Chess"]
[Site "Chess.com"]
[Date "2024.06.02"]
[Round "-"]
[White "ivan_1968"]
[Black "elephantgerrald"]
[Result "1-0"]
[WhiteElo "1811"]
[BlackElo "852"]
[TimeControl "300"]
[EndTime "7:38:21 PDT"]
[Termination "ivan_1968 won by checkmate"]

1. e4 e5 2. d4 exd4 3. c3 dxc3 4. Bc4 cxb2 5. Bxb2 Nf6 6. e5 Bb4+ 7. Nc3 Bxc3+ 8. Bxc3 Nh5 9. Qxh5 O-O 10. Nf3 d6 11. Ng5 g6 12.
Qxh7# 1-0

[Event "Live Chess"]
[Site "Chess.com"]
[Date "2024.06.02"]
[Round "-"]
[White "Anareza_Firouzja"]
[Black "ameetghasi100"]
[Result "0-1"]
[WhiteElo "1881"]
[BlackElo "2749"]
[TimeControl "300"]
[EndTime "7:38:25 PDT"]
[Termination "ameetghasi100 won by resignation"]

1. e4 b6 2. d4 Bb7 3. Bd3 g6 4. Ne2 a6 5. f3 h6 6. Be3 Bg7 7. c4 d6 8. Qd2 Nd7 9. Nbc3 c5 10. a4 Ngf6 11. a5 cxd4 12. Bxd4 bxa5 13. Nd5 Bxd5 14. cxd5 O-O 15. Qxa5 Qb8 16. O-O Rc8 17. Ra2 Nh5 18. Bxg7 Nxg7 19. Nc3 Nc5 20. Be2 Nb3 21. Qa4 Qb6+ 22. Kh1 Nd4 23. Qa5 Qxa5 24. Rxa5 Rxc3 25. bxc3 Nxe2 26. Rfa1 Nxc3 27. Rxa6 Rxa6 28. Rxa6 f5 29. exf5 Nxf5 30. g4 Ne3 31. Kg1 Ncxd5 32. Kf2 Kf7 33. h4 Nc4 34. Ra4 Ncb6 35. Re4 e5 36.
Kg3 Nf4 37. Rb4 Nd7 38. Rb7 Ke6 39. g5 hxg5 40. hxg5 Ne2+ 41. Kg4 Nd4 42. Ra7 Nf5 43. Ra8 d5 44. Rg8 Ne7 45. Ra8 d4 46. f4 e4 47.
Ra6+ Kf7 48. Rd6 e3 49. Rxd4 Nc5 50. Rd1 Nf5 51. Re1 Nd3 52. Re2 Ke6 53. Kf3 Nd4+ 54. Kxe3 Nxe2 55. Kxe2 Nxf4+ 56. Kf3 Kf5 57. Kg3 Ne6 58.
Kf3 Nxg5+ 0-1

[Event "Live Chess"]
[Site "Chess.com"]
[Date "2024.06.02"]
[Round "-"]
[White "GoldsmanB"]
[Black "NAZRIZ1977"]
[Result "0-1"]
[WhiteElo "1110"]
[BlackElo "2076"]
[TimeControl "300"]
[EndTime "7:38:25 PDT"]
[Termination "NAZRIZ1977 won by resignation"]

1. d4 d5 2. Bf4 e6 3. Nf3 f5 4.
e3 Nf6 5. c3 Nbd7 6. Nbd2 Bd6 7. Bg3 O-O 8. Qb3 Ne4 9. Be2 Ndf6 10. Bxd6 Qxd6 11. c4 c6 12. c5 Qc7 13. Ne5 Nxd2 14. Kxd2 Ne4+ 15. Ke1 Qa5+ 16. Kf1 Nd2+ 0-1

[Event "Live Chess"]
[Site "Chess.com"]
[Date "2024.06.02"]
[Round "-"]
[White "r0ad_t0-gm"]
[Black "Hoogleboogle"]
[Result "1-0"]
[WhiteElo "2253"]
[BlackElo "1258"]
[TimeControl "300"]
[EndTime "7:38:45 PDT"]
[Termination "r0ad_t0-gm won by checkmate"]

1. Nf3 d5 2. g3 Nc6 3. d4 Nf6 4.
Bg2 Bg4 5. O-O e6 6. h3 Bh5 7. c4 Bg6 8. Nc3 Be4 9. Bf4 Bd6 10. Bxd6 Qxd6 11. e3 dxc4 12. Nxe4 Nxe4 13. Ne5 Nf6 14. Nxc6 bxc6 15. Qa4 Rb8 16. Qxc4 Rxb2 17. Rab1 Rxb1 18. Rxb1 O-O 19. Qxc6 Nd5 20. Bxd5 Qxd5 21. Qxd5 exd5 22. Rb7 Rc8 23. Rxa7 c5 24. dxc5 g6 25. Ra5 Kg7 26. Kf1 Kf6 27. Ke2 Ke5 28. Kd3 f5 29. f4+ Ke6 30.
Kd4 h6 31. Ra6+ Kf7 32. Kxd5 g5 33. c6 gxf4 34. exf4 h5 35. Kd6 Ke8 36. Ra7 Rd8+ 37. Rd7 Rxd7+ 38. cxd7+ Kd8 39. a4 h4 40. a5 hxg3 41.
a6 g2 42. a7 g1=Q 43. a8=R# 1-0

[Event "Live Chess"]
[Site "Chess.com"]
[Date "2024.06.02"]
[Round "-"]
[White "grillage"]
[Black "Mangoalo"]
[Result "1-0"]
[WhiteElo "1857"]
[BlackElo "1066"]
[TimeControl "300"]
[EndTime "7:38:47 PDT"]
[Termination "grillage won by checkmate"]

1. d4 e5 2. dxe5 Nc6 3. Nf3 f6 4. exf6 Nxf6 5. Bg5 Bb4+ 6. c3 Be7 7. Nbd2 h6 8. Bh4 g5 9. Bg3 g4 10. Nh4 d6 11. Ng6 Rg8 12. Nxe7 Qxe7 13. e3 Bd7 14. Bc4 O-O-O 15. Bxg8 Rxg8 16. Qc2 Ne5 17. O-O-O h5 18. Qa4 Bxa4 19. b3 Qe6 20. bxa4 Qxa2 21.
Nb1 Nd3+ 22. Rxd3 Ne4 23. Rf1 Rg5 24. f3 Rc5 25. Rf2 Nxf2 26. Rd2 gxf3 27. Rxa2 fxg2 28. Bxf2 h4 29. h3 a5 30. Bg1 Rg5 31. Nd2 c5 32. Ne4 Rg6 33. Rf2 Kd7 34. Kd2 Kc6 35. Ke2 b5 36.
axb5+ Kxb5 37. Kf3 a4 38. Rxg2 Rxg2 39. Kxg2 a3 40.
Nxd6+ Ka4 41. e4 a2 42. Bxc5 a1=Q 43. Bd4 Qb2+ 44. Kf3 Qd2 45. Kg4 Qh6 46. Nf5 Qe6 47.
e5 Kb5 48. Kg5 Kc4 49. Nxh4 Qxh3 50. Nf5 Qg2+ 51. Kf6 Qc6+ 52. e6 Qe8 53. Nd6+ Kd5 54. Nxe8 Kc6 55. Kf7 Kd5 56. Nf6+ Kd6 57. e7 Kc7 58.
e8=Q Kd6 59. Qb5 Kc7 60. Ne4 Kd8 61. Ke6 Kc8 62. Kd6 Kd8 63. Qb8# 1-0

[Event "Live Chess"]
[Site "Chess.com"]
[Date "2024.06.02"]
[Round "-"]
[White "CarmelJane"]
[Black "Ginger_GM"]
[Result "0-1"]
[WhiteElo "2024"]
[BlackElo "2665"]
[TimeControl "300"]
[EndTime "7:38:48 PDT"]
[Termination "Ginger_GM won by resignation"]

1. e4 g6 2. d4 Bg7 3. Nc3 b6 4. f4 Bb7 5. Nf3 c5 6. Be3 Nf6 7. dxc5 Nxe4 8. Nxe4 Bxe4 9. c3 O-O 10. Bd3 Bxd3 11. Qxd3 bxc5 12. Bxc5 Nc6 13. O-O d6 14. Bf2 a5 15. Ng5 h6 16. Nf3 e6 17. Bh4 Qb6+ 18. Kh1 d5 19. Rab1 Qa6 20. Qd2 Qc4 21.
Bf2 Qxa2 22. h4 h5 23. Nd4 Nxd4 24. Bxd4 Bxd4 25. Qxd4 Qc4 26. Qf6 Ra6 27. f5 exf5 28.
Qg5 Qg4 29. Qe7 Re6 0-1

[Event "Live Chess"]
[Site "Chess.com"]
[Date "2024.06.02"]
[Round "-"]
[White "Pablo_dmp"]
[Black "KeithArkell"]
[Result "0-1"]
[WhiteElo "1996"]
[BlackElo "2401"]
[TimeControl "300"]
[EndTime "7:38:50 PDT"]
[Termination "KeithArkell won by resignation"]

1. e4 c6 2. Nc3 d5 3. Nf3 Bg4 4. h3 Bxf3 5. Qxf3 dxe4 6. Nxe4 Nd7 7. Bc4 Ne5 8. Qe2 Nxc4 9. Qxc4 Qd5 10. Qe2 e6 11.
O-O Be7 12. c3 Nf6 13. Ng3 O-O 14. d4 c5 15. Be3 cxd4 16. Bxd4 Rfd8 17. Rad1 Qc6 18.
Nh5 Rd5 19. Nxf6+ Bxf6 20. Bxf6 gxf6 21. Qg4+ Rg5 0-1

[Event "Live Chess"]
[Site "Chess.com"]
[Date "2024.06.02"]
[Round "-"]
[White "TheSmoulderingMaster"]
[Black "halfberg"]
[Result "1-0"]
[WhiteElo "1782"]
[BlackElo "1903"]
[TimeControl "300"]
[EndTime "7:39:01 PDT"]
[Termination "TheSmoulderingMaster won by resignation"]

1. e4 c5 2. Nf3 Nc6 3. d4 cxd4 4.
Nxd4 Nf6 5. Nc3 e5 6. Ndb5 d6 7. Bg5 a6 8. Na3 b5 9. Nd5 Be7 10. Nxe7 Qxe7 11. c3 O-O 12. Be2 h6 13. Bh4 Be6 14. Nc2 Qd7 15. Bxf6 gxf6 16. Qd2 Kh7 17. O-O-O f5 18. exf5 Bxf5 19. Qxd6 Qxd6 20. Rxd6 Rac8 21. Bf3 Bxc2 22. Kxc2 Nd4+ 23. Kd3 Nxf3 24. gxf3 Rfd8 25.
Rxd8 Rxd8+ 26. Ke3 Kg6 27. Rg1+ Kf6 28. Rg4 Rd1 29. a4 bxa4 30. Rxa4 Rd6 31. Ke4 Ke6 32. Ra5 f5+ 33. Ke3 Rb6 34. b4 Kf6 35. Kd3 Rc6 36. c4 Re6 37. b5 axb5 38. cxb5 Kg5 39.
Ra6 Re8 40. Rc6 Rd8+ 41. Kc4 Rd1 42. b6 Kf4 43. b7 Rc1+ 44. Kb5 Rb1+ 45. Ka6 Kxf3 46.
Rb6 Ra1+ 47. Kb5 Rb1+ 48. Kc6 Rc1+ 49. Kd6 Rd1+ 50. Kxe5 Rd8 51. b8=Q Rxb8 52. Rxb8 f4 53. Rf8 1-0

[Event "Live Chess"]
[Site "Chess.com"]
[Date "2024.06.02"]
[Round "-"]
[White "wadsy27"]
[Black "Plimsol"]
[Result "1-0"]
[WhiteElo "2603"]
[BlackElo "2367"]
[TimeControl "300"]
[EndTime "7:39:13 PDT"]
[Termination "wadsy27 won on time"]

1. d4 e6 2. c4 Nf6 3. Nf3 b6 4. a3 Bb7 5. Nc3 Ne4 6. Nxe4 Bxe4 7. Bf4 Be7 8. e3 O-O 9. Bd3 Bxd3 10. Qxd3 d6 11. h4 Nd7 12. Ng5 Nf6 13. e4 e5 14. dxe5 dxe5 15. Qxd8 Raxd8 16. Bxe5 h6 17. Nf3 Nxe4 18. O-O Bf6 19. Bxf6 Nxf6 20. c5 Rd3 21. Rfe1 Rfd8 22. Rac1 Kf8 23. Ne5 Rd2 24. Nc6 R8d5 25. Nxa7 bxc5 26. b4 Ra2 27. Rxc5 Rxc5 28. bxc5 Rxa3 29.
Nb5 Ra5 30. Rb1 c6 31. Nd6 Rxc5 32. Rb7 Rd5 33. Nxf7 Ng4 34. g3 Rd1+ 35. Kg2 Rd2 36. Nh8 Rxf2+ 37. Kg1 Kg8 38. Ng6 Rf3 39. Rb8+ Kh7 40. h5 Rxg3+ 41. Kf1 Nh2+ 42. Kf2 Rxg6 43. hxg6+ Kxg6 44. Kg3 Nf1+ 45. Kf4 h5 46. Rb2 h4 47.
Kg4 1-0

[Event "Live Chess"]
[Site "Chess.com"]
[Date "2024.06.02"]
[Round "-"]
[White "NeilDruggan73"]
[Black "E2E4colchester"]
[Result "1-0"]
[WhiteElo "1718"]
[BlackElo "1164"]
[TimeControl "300"]
[EndTime "7:39:15 PDT"]
[Termination "NeilDruggan73 won by checkmate"]

1. d4 d5 2. Bg5 Nf6 3. Bxf6 exf6 4. e3 Bd6 5. g3 O-O 6. Bg2 Be6 7. Ne2 Nc6 8. b3 a6 9. Nd2 Nb4 10. a3 Nc6 11. c4 b5 12. cxd5 Bxd5 13. Bxd5 Bxg3 14. Bxc6 Bxf2+ 15. Kxf2 Rb8 16. Nf4 g5 17. Rg1 h6 18.
Qh5 Kh7 19. Ne4 gxf4 20. Qf5+ Kh8 21. Nxf6 fxe3+ 22. Ke2 Qxf6 23. Qxf6+ Kh7 24. Be4# 1-0

[Event "Live Chess"]
[Site "Chess.com"]
[Date "2024.06.02"]
[Round "-"]
[White "DJ_Lambton"]
[Black "ProfPoisson"]
[Result "0-1"]
[WhiteElo "1802"]
[BlackElo "1339"]
[TimeControl "300"]
[EndTime "7:39:28 PDT"]
[Termination "ProfPoisson won by resignation"]

1. c4 e6 2. g3 f5 3. Bg2 Nf6 4. Nc3 Bb4 5. e3 Bxc3 6. bxc3 O-O 7. Ne2 c5 8. O-O d6 9. d4 Nbd7 10. d5 e5 11. e4 Nxe4 12. Bxe4 fxe4 13. Qd2 Nb6 14.
Rb1 Nxc4 15. Qg5 Qxg5 16. Bxg5 h6 17. Be7 Rf7 18. Bd8 Nd2 19. Ba5 Nxf1 20. Rxf1 b6 0-1

[Event "Live Chess"]
[Site "Chess.com"]
[Date "2024.06.02"]
[Round "-"]
[White "booktrunk"]
[Black "ShanthamGrarks"]
[Result "0-1"]
[WhiteElo "1490"]
[BlackElo "1904"]
[TimeControl "300"]
[EndTime "7:39:37 PDT"]
[Termination "ShanthamGrarks won by checkmate"]

1. d4 Nf6 2. Nc3 c6 3. Bf4 d5 4. e3 Qb6 5. Rb1 Bf5 6. Bd3 Bxd3 7. Qxd3 e6 8. Nf3 Bb4 9. O-O Nbd7 10. a3 Be7 11.
Na4 Qd8 12. b3 Bxa3 13. Ne5 Nxe5 14. dxe5 Ne4 15. b4 Bxb4 16. Rxb4 b5 17. Nc3 a5 18. Rbb1 Nc5 19. Qd2 O-O 20. Na2 b4 21. c3 b3 22.
Nc1 a4 23. Qb2 a3 24. Qa1 b2 25. Qa2 bxc1=B 26. Rfxc1 Nd3 27. Rd1 Nxf4 28. exf4 Qa5 29. Rb3 c5 30. Ra1 Rfb8 31. Rxa3 Qxa3 32. Qxa3 Rxa3 33. Rxa3 Rb1# 0-1

[Event "Live Chess"]
[Site "Chess.com"]
[Date "2024.06.02"]
[Round "-"]
[White "lateforthesky"]
[Black "gunslinger222"]
[Result "1/2-1/2"]
[WhiteElo "2074"]
[BlackElo "2269"]
[TimeControl "300"]
[EndTime "7:39:42 PDT"]
[Termination "Game drawn by repetition"]

1. e4 d5 2. exd5 c6 3. d4 cxd5 4.
Nf3 Nc6 5. Bd3 Bg4 6. c3 e6 7. h3 Bh5 8. Nbd2 Bd6 9. O-O Nge7 10. Re1 Qd7 11. Nf1 f6 12. Ng3 Bf7 13. b4 Bxg3 14. fxg3 O-O 15. a4 Nf5 16. Kh2 Rfe8 17. a5 Rac8 18. b5 Nce7 19. Bd2 Nd6 20. Rb1 Nc4 21. Qc2 Na3 22. Bxh7+ Kh8 23. Qd3 g6 24. Ra1 Qxb5 25. Bxg6 Bxg6 26. Qe3 Nc2 27. Qh6+ Kg8 28.
Rxe6 Rc6 29. Rxe7 Rxe7 30. Qxg6+ Rg7 31. Qe8+ Kh7 32. Qh5+ Kg8 33. Qe8+ Kh7 34. Qh5+ Kg8 35. Qe8+ 1/2-1/2

[Event "Live Chess"]
[Site "Chess.com"]
[Date "2024.06.02"]
[Round "-"]
[White "GerardATHart"]
[Black "kylet1990"]
[Result "0-1"]
[WhiteElo "1396"]
[BlackElo "766"]
[TimeControl "300"]
[EndTime "7:39:45 PDT"]
[Termination "kylet1990 won by resignation"]

1. e4 c6 2. d4 d5 3. exd5 cxd5 4. Bd3 Nf6 5. Nf3 Nc6 6. c3 Bg4 7. h3 Bxf3 8. Qxf3 e6 9. Bg5 Be7 10. Nd2 O-O 11. O-O-O h6 12. Bh4 Qa5 13. Kb1 b5 14.
Nb3 Qb6 15. g4 a5 16. g5 hxg5 17. Bxg5 a4 18. Nd2 b4 19. cxb4 Nxb4 20. Rhg1 Qxd4 21. Be3 Qxd3+ 22. Ka1 0-1

[Event "Live Chess"]
[Site "Chess.com"]
[Date "2024.06.02"]
[Round "-"]
[White "JanMur7"]
[Black "GwaryTek"]
[Result "0-1"]
[WhiteElo "2285"]
[BlackElo "1885"]
[TimeControl "300"]
[EndTime "7:39:51 PDT"]
[Termination "GwaryTek won by resignation"]

1. c4 Nf6 2. Nc3 c6 3. d4 d5 4. Nf3 dxc4 5. a4 a5 6. e4 Bg4 7.
Bxc4 e6 8. Be3 Nbd7 9. O-O Bb4 10. Bd3 Qc7 11. h3 Bh5 12. Rc1 O-O 13. d5 exd5 14.
exd5 Bxc3 15. bxc3 Nxd5 16. Bd4 Bg6 17. Bxg6 hxg6 18.
Qb3 Rab8 19. Rfe1 Rfe8 20. c4 Nf4 21. Qb2 Nd3 22. Rxe8+ Rxe8 23. Qa1 Nxc1 24. Bxg7 Ne2+ 25. Kh1 f6 26. Bh6 Nf4 27. Qc1 Ne6 28. Qc2 Ndf8 29. Be3 Kf7 30. Qb2 Qd7 31. Qb3 c5 32. h4 Rd8 33.
Kh2 Nd4 34. Bxd4 cxd4 35. c5+ Qd5 36. Qd3 Qxc5 37. Qb3+ Qd5 38. Qd3 Ne6 39. g3 Nc5 40.
Qb5 Qxf3 41. Qxc5 Qxf2+ 42. Kh3 Qf5+ 43. Qxf5 gxf5 0-1

[Event "Live Chess"]
[Site "Chess.com"]
[Date "2024.06.02"]
[Round "-"]
[White "missedJariChance"]
[Black "Queensandpawns"]
[Result "0-1"]
[WhiteElo "1380"]
[BlackElo "2264"]
[TimeControl "300"]
[EndTime "7:39:51 PDT"]
[Termination "Queensandpawns won by checkmate"]

1. b3 e5 2. Bb2 Nc6 3. Nf3 f5 4.
Nxe5 Qf6 5. Nd3 Qg6 6. e3 Nf6 7. Nf4 Qf7 8. Be2 Be7 9. O-O d5 10. c4 g5 11. cxd5 gxf4 12. dxc6 Rg8 13. Bf3 fxe3 14. dxe3 Be6 15. cxb7 Rd8 16. Qe2 Bd5 17. Bxd5 Qxd5 18. Nc3 Qxg2# 0-1

[Event "Live Chess"]
[Site "Chess.com"]
[Date "2024.06.02"]
[Round "-"]
[White "CheckThis4"]
[Black "joellloyd"]
[Result "1-0"]
[WhiteElo "2681"]
[BlackElo "1895"]
[TimeControl "300"]
[EndTime "7:39:59 PDT"]
[Termination "CheckThis4 won by resignation"]

1. d4 Nf6 2. Nc3 d5 3. e4 dxe4 4. f3 Bf5 5. fxe4 Nxe4 6. Qf3 Nxc3 7. bxc3 Bxc2 8. Qxb7 Nd7 9. Bb5 Bf5 10. Nf3 Rb8 11. Qc6 Rb6 12. Qc4 Qb8 13. Ne5 Rxb5 14. Qxf7+ Kd8 15.
Nc6+ Kc8 16. Nxb8 Bg6 17. Qe6 Rxb8 18. O-O Rb6 19. Qd5 Nf6 20. Qa8+ Kd7 21. Qxa7 e6 22. Bf4 Bd6 23. Bxd6 Rxd6 24. Qa4+ Ke7 25. Qa5 Rc8 26.
Rae1 Nd5 27. c4 Nf6 28. d5 Kf7 29. dxe6+ Rxe6 30. Rxe6 Kxe6 31. Re1+ Kf7 32. Qc5 Kg8 33. h3 h6 34. Re7 c6 35. Qa7 1-0

[Event "Live Chess"]
[Site "Chess.com"]
[Date "2024.06.02"]
[Round "-"]
[White "Dashman93"]
[Black "gmnorfolk"]
[Result "1-0"]
[WhiteElo "2157"]
[BlackElo "2135"]
[TimeControl "300"]
[EndTime "7:40:03 PDT"]
[Termination "Dashman93 won by resignation"]

1. e4 c5 2. Nf3 d6 3. Bb5+ Nd7 4.
O-O Nf6 5. Ba4 a6 6. c3 e6 7. d4 b5 8. Bc2 Bb7 9. Re1 Be7 10. e5 Nd5 11. Nbd2 cxd4 12. cxd4 Qc7 13. exd6 Bxd6 14.
Ne4 N7f6 15. Bg5 Nxe4 16. Bxe4 h6 17. Rc1 Qb6 18. Bh4 O-O 19. Ne5 f5 20. Nd7 Qd8 21.
Bxd8 1-0